 Dungeon Crawl Stone Soup version 0.17.0-28-g6e173f8 (webtiles) character file.

198 GeneralIdiocy the Skirmisher (level 5, -1/46 HPs)
             Began as a Demonspawn Gladiator on Dec 1, 2015.
             Slain by a yak (8 damage)
             ... on level 5 of the Dungeon.
             The game lasted 00:04:19 (4089 turns).

GeneralIdiocy the Skirmisher (Demonspawn Gladiator) Turns: 4089, Time: 00:04:19

Health: -1/46      AC:  9    Str: 15    XL:     5   Next: 47%
Magic:  5/5        EV: 11    Int: 10    God:
Gold:   227        SH:  3    Dex: 14    Spells: 0 memorised, 4 levels left

rFire  . . .     SeeInvis .     a - +0 long sword
rCold  . . .     Clarity  .     b - +0 leather armour
rNeg   . . .     SustAt   .     i - +0 buckler
rPois  .         Gourm    .     c - +0 helmet
rElec  .         Spirit   .     u - +0 cloak
rCorr  .         Warding  .     w - +0 pair of gloves
rMut   .         Stasis   .     (no boots)
MR     .....                    (no amulet)
Stlth  +.........               (no ring)
                                (no ring)

@: drained, not resistant to hostile enchantments, very unstealthy
A: thin metallic scales 2
a: no special abilities


You were on level 5 of the Dungeon.
You were not hungry.

You visited 1 branch of the dungeon, and saw 5 of its levels.

You collected 227 gold pieces.

Inventory:

Hand Weapons
 a - a +0 long sword (weapon)
Missiles
 d - 3 throwing nets (quivered)
 n - 5 javelins
Armour
 b - a +0 leather armour (worn)
 c - a +0 helmet (worn)
 i - a +0 buckler (worn)
 u - a +0 cloak (worn)
 w - a +0 pair of gloves (worn)
Scrolls
 f - 4 scrolls of identify {unknown}
 j - a scroll of magic mapping {unknown}
 k - 2 scrolls of recharging {unknown}
 l - a scroll of remove curse {unknown}
 m - a scroll of amnesia {unknown}
 p - a scroll of fear {unknown}
 s - 2 scrolls of teleportation {unknown}
 x - a scroll of blinking {unknown}
Potions
 h - a potion of agility
 o - a potion of mutation {unknown}
 q - 2 potions of curing
 t - a potion of poison {unknown}
 v - a potion of flight {unknown}
Comestibles
 e - 4 bread rations
 g - 2 meat rations


   Skills:
 + Level 5.8(5.6) Fighting
 - Level 2.6(2.5) Long Blades
 - Level 1.7(1.6) Throwing
 - Level 2.6(2.5) Dodging


You had 4 spell levels left.
You didn't know any spells.

Dungeon Overview and Level Annotations

Branches:
Dungeon (5/15)             Temple (0/1) D:4

Altars:
Qazlal

Annotations:
D:3 ScrapMettle's ghost, amateur HESk
D:5 4 runed doors, GeneralIdiocy's ghost, novice DsGl


Innate Abilities, Weirdness & Mutations

You are mostly covered in thin metallic scales (AC +3).


Message History

You hit the quokka.
The quokka is almost dead.
The quokka barely misses you. You block the quokka's attack.
You hit the quokka.
You kill the quokka!
No target in view!
No target in view!
Found 11 arrows.
You see here 11 arrows.
A yak comes into view.
The yak bellows!
A yak is nearby!
A yak is nearby!
The yak closely misses you.
Found a plain deck of cards.
You hit the yak but do no damage. The yak gores you!
You hit the yak but do no damage. The yak gores you!
* * * LOW HITPOINT WARNING * * *
The yak gores you!
You die...

#..# #..
#.#.##
###..## #
#.#..
#.....#
#...##
#..###'#
...##
#.##...###
..#
#.#.#.##}#
# #.##.#.#
#.#(##Y#
#.###@.#
##....##
######


You could see a yak.

Vanquished Creatures
  Crazy Yiuf (D:4)
  2 worker ants (D:4)
  A worker ant zombie (D:4)
  5 adders
  3 worms
  3 giant geckos
  2 ball pythons (D:1)
  4 bats (D:2)
  A giant cockroach (D:2)
  4 hobgoblins
  9 jackals
  4 giant newts
  2 goblins
  8 kobolds
  3 quokkas
  9 rats
  A fungus (D:4)
62 creatures vanquished.

Notes
Turn   | Place    | Note
--------------------------------------------------------------
     0 | D:1      | GeneralIdiocy the Demonspawn Gladiator began the quest for the Orb.
     0 | D:1      | Reached XP level 1. HP: 16/16 MP: 1/1
   701 | D:1      | Gained mutation: You are partially covered in thin metallic scales (AC +2). [demonic ancestry]
   701 | D:1      | Reached XP level 2. HP: 23/23 MP: 2/2
   850 | D:1      | Reached skill level 3 in Fighting
  1630 | D:1      | Reached XP level 3. HP: 22/29 MP: 3/3
  1796 | D:2      | Reached skill level 4 in Fighting
  2350 | D:2      | Gained mutation: You are mostly covered in thin metallic scales (AC +3). [demonic ancestry]
  2350 | D:2      | Reached XP level 4. HP: 35/37 MP: 4/4
  2382 | D:2      | Found a stormy altar of Qazlal.
  2623 | D:2      | Found a faded altar to an unknown god.
  2858 | D:3      | Noticed ScrapMettle's ghost (amateur HESk)
  2910 | D:4      | Reached skill level 5 in Fighting
  3301 | D:4      | Reached XP level 5. HP: 20/44 MP: 5/5
  3638 | D:4      | Found a staircase to the Ecumenical Temple.
  3939 | D:4      | Noticed Crazy Yiuf
  3948 | D:4      | Killed Crazy Yiuf
  3988 | D:5      | Entered Level 5 of the Dungeon
  3989 | D:5      | Found a large runed door.
  3989 | D:5      | Found a large runed door.
  4015 | D:5      | Noticed GeneralIdiocy's ghost (novice DsGl)
  4047 | D:5      | Found a large runed door.
  4047 | D:5      | Found a large runed door.
  4086 | D:5      | Noticed a yak
  4089 | D:5      | Slain by a yak

Action                   |  1- 3 |  4- 6 || total
-------------------------+-------+-------++-------
Melee: Long sword        |   121 |   108 ||   229
Throw: Throwing net      |     5 |     5 ||    10
  Use: Potion            |     1 |     3 ||     4
 Stab: Sleeping          |     2 |     2 ||     4
       Held in net/web   |       |     1 ||     1
  Eat: Chunk             |     5 |     2 ||     7
       Pizza             |       |     2 ||     2
